 Dungeon Crawl Stone Soup version 0.22-a0-605-g9281fa2 (webtiles) character file.

8 Dfrag the Firebug (level 2, 19/19 HPs)
             Began as a Demonspawn Fire Elementalist on July 1, 2018.
             Quit the game on level 1 of the Dungeon on July 8, 2018.
             The game lasted 00:01:11 (164 turns).

Dfrag the Firebug (Demonspawn Fire Elementalist)     Turns: 164, Time: 00:01:11

Health: 19/19      AC:  2    Str:  8    XL:     2   Next: 0%
Magic:  3/5        EV: 12    Int: 16    God:
Gold:   28         SH:  0    Dex: 15    Spells: 4/5 levels left

rFire    . . .     SeeInvis .   (no weapon)
rCold    . . .     Gourm    .   (no shield)
rNeg     . . .     Faith    .   a - +0 robe
rPois    .         Spirit   .   (no helmet)
rElec    .         Reflect  .   (no cloak)
rCorr    .         Harm     .   (no gloves)
MR       .....                  (no boots)
Stlth    ++........             (no amulet)
HPRegen  0.06/turn              (no ring)
MPRegen  0.09/turn              (no ring)

@: no status effects
A: thin skeletal structure 1
a: no special abilities


You were on level 1 of the Dungeon.
You were not hungry.

You visited 1 branch of the dungeon, and saw 1 of its levels.

You collected 28 gold pieces.

Inventory:

Armour
 a - a +0 robe (worn)
Scrolls
 b - a scroll of magic mapping {unknown}
 e - a scroll of teleportation {unknown}
Potions
 d - a potion of curing {unknown}
Comestibles
 c - a ration


   Skills:
 - Level 1.7 Dodging
 - Level 1.7 Stealth
 + Level 2.2 Spellcasting
 + Level 1.3 Conjurations
 + Level 2.8 Fire Magic


You had 4 spell levels left.
You knew the following spells:

 Your Spells              Type           Power        Failure   Level  Hunger
a - Flame Tongue          Conj/Fire      #....        9%          1    #......

Your spell library contained the following spells:

 Spells                   Type           Power        Failure   Level  Hunger
 Fireball                 Conj/Fire      #.........   93%         5    ######.
 Conjure Flame            Conj/Fire      #.......     26%         3    ###....
 Throw Flame              Conj/Fire      #.....       13%         2    ###....
 Sticky Flame             Conj/Fire      #.......     63%         4    #####..
 Inner Flame              Hex/Fire       #.......     32%         3    ###....


Dungeon Overview and Level Annotations

Branches:
Dungeon (1/15)

Altars:


Innate Abilities, Weirdness & Mutations

You have a somewhat thin skeletal structure. (Dex +2, Stealth)


Message History

Casting: Flame Tongue (safe; 9% risk of failure)
Confirm with . or Enter, or press ? or * to list all spells.
Aiming: Flame Tongue (safe; 9% risk of failure)
Press: ? - help, Shift-Dir - straight line, f - bat
Aim: a bat (resting)
The flame tongue hits the bat.
You kill the bat!
You have reached level 2!
Your demonic ancestry asserts itself...
Your bones become slightly less dense.
Casting: Flame Tongue (safe; 9% risk of failure)
Confirm with . or Enter, or press ? or * to list all spells.
You can't see any susceptible monsters within range! (Use Z to cast anyway.) Unknown command.
Unknown command.
An ooze comes into view.
An ooze is nearby!
An ooze is nearby!
Unknown command.
Are you sure you want to abandon this character and quit the game? (Confirm with "yes".)

#......#######
#.##..#
#.##.#.#.....#
#.....#
#....#.#.....#
####.##
#..###.#.....#
#.#
#....(.#.....#
###.#
##.##........#
##.#.#
#..#.########
#.#..#
##.#.####
##.###
#....@.# #.#
#.#.##.# #.#
#.#.# J#
#.#### . ...
.# #.....
#..#.# .#
########.####
#..... ..
.........##..
#. ... ..
.#######.##.#
.. #. ..
#.##.. #....#


You could see an ooze (sleeping).

Vanquished Creatures
  A dart slug (D:1)
  2 bats (D:1)
  2 hobgoblins (D:1)
5 creatures vanquished.

Notes
Turn   | Place    | Note
-------+----------+-------------------------------------------
     0 | D:1      | Dfrag the Demonspawn Fire Elementalist began the quest for the Orb.
     0 | D:1      | Reached XP level 1. HP: 13/13 MP: 3/3
    43 | D:1      | Upgraded the game from 0.22-a0-570-g58866f5 to 0.22-a0-605-g9281fa2
   157 | D:1      | Gained mutation: You have a somewhat thin skeletal structure. (Dex +2, Stealth) [demonic ancestry]
   157 | D:1      | Reached XP level 2. HP: 19/19 MP: 3/5
   164 | D:1      | Quit the game

Vault maps used:
D:1:      dpeg_arrival_rooms_c

Action                   || total
-------------------------++-------
Melee: Unarmed           ||    14
 Cast: Flame Tongue      ||     8
Armor: Robe              ||    16
Dodge: Dodged            ||    14

Table legend:
 A = Spawn XP
 B = Non-spawn XP
 C = Spawn XP percentage of total XP
 D = Spawn monster count
 E = Non-spawn monster count
 F = Spawn count percentage of total count
 G = Total turns spent on level
                    A         B        C        D         E        F      G
               +---------+---------+-------+---------+---------+-------+---------
         Total |       0 |      12 |   0.0 |       0 |       5 |   0.0 |   164
               +---------+---------+-------+---------+---------+-------+---------
           D:1 |       0 |      12 |   0.0 |       0 |       5 |   0.0 |   164
               +---------+---------+-------+---------+---------+-------+---------
